[ AOE2 MATCH · #477232581 ]
UnrankedPersians vs Turks
[ REPLAY ANALYSIS · EXTRACTED FROM THE RECORDED GAME ]
Feudal
11:53
Castle
20:26
Imperial
35:12
| APM avg | 16.1 |
| APM peak | 71 |
| eAPM avg | 12.9 |
| Villagers / military | 124 / 83 |
Focus
⚔️ 33.0% · 🌾 67.0%
Archer ×42 · Unknown (882) ×42 · War Elephant ×31 · Trade Cart ×8 · Fishing Ship ×6 · Battering Ram ×3
Feudal
15:00
Castle
24:34
Imperial
36:52
| APM avg | 10.9 |
| APM peak | 32 |
| eAPM avg | 8.1 |
| Villagers / military | 71 / 69 |
Focus
⚔️ 32.7% · 🌾 67.3%
Janissary ×51 · Militia ×10 · Mangonel ×4 · Skirmisher ×3 · Trade Cart ×3 · Monk ×1
Feudal
12:46
Castle
20:02
Imperial
34:24
| APM avg | 18.5 |
| APM peak | 51 |
| eAPM avg | 12.1 |
| Villagers / military | 100 / 200 |
Focus
⚔️ 43.4% · 🌾 56.6%
Longbowman ×107 · Spearman ×79 · Skirmisher ×9 · Fishing Ship ×6 · Trebuchet (Packed) ×5
Feudal
12:13
Castle
22:28
Imperial
36:03
| APM avg | 9.9 |
| APM peak | 24 |
| eAPM avg | 8.0 |
| Villagers / military | 155 / 66 |
Focus
⚔️ 16.1% · 🌾 83.9%
Cataphract ×48 · Knight ×18 · Trade Cart ×15
Feudal
12:33
Castle
18:18
Imperial
35:36
| APM avg | 16.5 |
| APM peak | 43 |
| eAPM avg | 11.6 |
| Villagers / military | 120 / 87 |
Focus
⚔️ 27.0% · 🌾 73.0%
Genoese Crossbowman ×76 · Trade Cart ×23 · Bombard Cannon ×10 · Monk ×1
Feudal
17:56
Castle
23:44
Imperial
35:38
| APM avg | 12.2 |
| APM peak | 39 |
| eAPM avg | 10.7 |
| Villagers / military | 108 / 95 |
Focus
⚔️ 28.0% · 🌾 72.0%
Scorpion ×35 · Battle Elephant ×30 · Ballista Elephant ×18 · Trade Cart ×9 · Trebuchet (Packed) ×9 · Mangonel ×2
Match map
Initial resources + every placement click. Lines = walls · curves = elevation contours. ◆ gold · ⬟ stone · ● berries · ✦ relic · ◌ wall gap
Your base· ✓ Closed at 20:26 · 33t walls · 2 gate(s) · fragile
ninooo95mc's base· ✓ Closed at 24:34 · 51t walls · 1 gate(s)
Øgusson's base· ✓ Closed at 20:02 · 29t walls · 1 gate(s) · fragile
mison's base· ✓ Closed at 22:28 · 0t walls · no gate
ivanklaricnejla's base· ✓ Closed at 18:18 · 8t walls · fragile
nonodaubresse45's base· ✓ Closed at 23:44 · 26t walls · no gate
Smoothed initial terrain · ◌ = detected wall gap · hover for details
Inputs per minute
— stephen_drake - - ninooo95mc
Build order — stephen_drake
First 150 of 435 actions detected
| 0:03 | Build | House |
| 0:05 | Build | House |
| 0:06 | Research | Loom |
| 0:06 | Create | Villager (Male) |
| 0:06 | Create | Villager (Male) |
| 0:07 | Create | Villager (Male) |
| 0:07 | Create | Villager (Male) |
| 0:07 | Create | Villager (Male) |
| 0:07 | Create | Villager (Male) |
| 1:02 | Build | Palisade Wall |
| 2:15 | Build | Palisade Gate |
| 3:03 | Create | Villager (Male) |
| 3:03 | Create | Villager (Male) |
| 3:36 | Create | Villager (Male) |
| 4:05 | Create | Villager (Male) |
| 4:34 | Create | Villager (Male) |
| 4:34 | Create | Villager (Male) |
| 5:04 | Build | Lumber Camp |
| 5:34 | Create | Villager (Male) |
| 5:34 | Create | Villager (Male) |
| 5:34 | Create | Villager (Male) |
| 5:34 | Create | Villager (Male) |
| 5:34 | Create | Villager (Male) |
| 5:34 | Create | Villager (Male) |
| 5:34 | Create | Villager (Male) |
| 6:05 | Build | House |
| 6:18 | Create | Villager (Male) |
| 6:18 | Create | Villager (Male) |
| 6:36 | Build | Mill |
| 6:48 | Create | Villager (Male) |
| 6:52 | Create | Villager (Male) |
| 9:49 | Research | Feudal Age |
| 10:40 | Build | House |
| 10:41 | Build | House |
| 11:06 | Build | Farm |
| 11:07 | Build | Farm |
| 11:09 | Build | Farm |
| 11:11 | Create | Villager (Male) |
| 11:12 | Create | Villager (Male) |
| 11:13 | Create | Villager (Male) |
| 11:13 | Create | Villager (Male) |
| 11:53 | Age | Feudal Age |
| 12:00 | Build | Stone Wall |
| 13:07 | Build | Gate |
| 13:28 | Create | Villager (Male) |
| 13:32 | Create | Villager (Male) |
| 13:33 | Create | Villager (Male) |
| 13:33 | Create | Villager (Male) |
| 13:50 | Build | House |
| 13:51 | Build | House |
| 14:04 | Build | Mining Camp |
| 14:37 | Build | Market |
| 14:42 | Build | Blacksmith |
| 15:02 | Create | Villager (Male) |
| 15:03 | Create | Villager (Male) |
| 15:06 | Create | Villager (Male) |
| 15:06 | Create | Villager (Male) |
| 15:07 | Create | Villager (Male) |
| 15:41 | Build | Farm |
| 15:51 | Build | Farm |
| 16:14 | Build | Farm |
| 16:37 | Build | Farm |
| 17:01 | Build | Dock |
| 17:07 | Build | House |
| 17:08 | Build | House |
| 17:10 | Build | House |
| 17:13 | Build | House |
| 18:01 | Research | Castle Age |
| 18:12 | Create | Fishing Ship |
| 18:12 | Create | Fishing Ship |
| 18:50 | Build | House |
| 18:52 | Build | House |
| 18:55 | Build | House |
| 18:56 | Build | House |
| 19:04 | Research | Double-Bit Axe |
| 20:26 | Age | Castle Age |
| 20:30 | Build | Town Center |
| 20:44 | Build | Monastery |
| 20:47 | Create | Villager (Male) |
| 20:47 | Create | Villager (Male) |
| 20:51 | Create | Villager (Male) |
| 20:51 | Create | Villager (Male) |
| 20:52 | Create | Villager (Male) |
| 21:32 | Build | Lumber Camp |
| 21:40 | Create | Villager (Male) |
| 21:41 | Create | Villager (Male) |
| 21:41 | Create | Villager (Male) |
| 21:41 | Create | Villager (Male) |
| 21:42 | Create | Villager (Male) |
| 21:42 | Create | Villager (Male) |
| 22:01 | Build | Farm |
| 22:09 | Build | Farm |
| 22:21 | Build | University |
| 22:22 | Create | Monk |
| 22:39 | Build | Farm |
| 22:41 | Build | Farm |
| 22:46 | Create | Villager (Male) |
| 22:47 | Create | Villager (Male) |
| 22:47 | Create | Villager (Male) |
| 22:47 | Create | Villager (Male) |
| 22:50 | Build | Farm |
| 22:52 | Build | Farm |
| 22:58 | Create | Villager (Male) |
| 22:58 | Create | Villager (Male) |
| 23:09 | Build | Farm |
| 23:13 | Build | Farm |
| 23:22 | Create | Villager (Male) |
| 23:28 | Build | Farm |
| 23:51 | Build | Farm |
| 23:55 | Build | Farm |
| 23:58 | Build | Farm |
| 24:01 | Research | Horse Collar |
| 24:08 | Build | Farm |
| 24:10 | Create | Villager (Male) |
| 24:11 | Create | Villager (Male) |
| 24:11 | Create | Villager (Male) |
| 24:11 | Create | Villager (Male) |
| 24:21 | Create | Fishing Ship |
| 24:21 | Create | Fishing Ship |
| 24:45 | Create | Villager (Male) |
| 24:45 | Create | Villager (Male) |
| 24:45 | Create | Villager (Male) |
| 24:46 | Create | Villager (Male) |
| 24:46 | Create | Villager (Male) |
| 25:12 | Build | House |
| 25:13 | Build | House |
| 25:18 | Build | Mining Camp |
| 25:25 | Create | Villager (Male) |
| 25:25 | Create | Villager (Male) |
| 25:29 | Research | Wheelbarrow |
| 25:41 | Build | Barracks |
| 25:43 | Build | Barracks |
| 25:55 | Create | Villager (Male) |
| 25:55 | Create | Villager (Male) |
| 26:14 | Research | Heavy Plow |
| 26:16 | Research | Bow Saw |
| 26:22 | Build | House |
| 26:23 | Build | House |
| 26:24 | Build | House |
| 27:12 | Build | Archery Range |
| 27:14 | Build | Archery Range |
| 27:15 | Build | Archery Range |
| 27:27 | Create | Villager (Male) |
| 27:27 | Create | Villager (Male) |
| 27:28 | Create | Villager (Male) |
| 27:28 | Create | Villager (Male) |
| 27:29 | Create | Villager (Male) |
| 27:56 | Build | Town Center |
| 28:00 | Create | Trade Cart |
| 28:00 | Create | Trade Cart |
Build order — ninooo95mc
First 150 of 244 actions detected
| 0:05 | Create | Villager (Male) |
| 0:06 | Research | Loom |
| 0:06 | Create | Villager (Male) |
| 0:07 | Create | Villager (Male) |
| 0:07 | Create | Villager (Male) |
| 0:15 | Build | House |
| 0:17 | Build | House |
| 0:18 | Build | House |
| 1:18 | Build | Palisade Wall |
| 1:37 | Build | Palisade Wall |
| 2:35 | Create | Villager (Male) |
| 2:35 | Create | Villager (Male) |
| 2:35 | Create | Villager (Male) |
| 3:24 | Build | Palisade Wall |
| 4:23 | Create | Villager (Male) |
| 4:24 | Create | Villager (Male) |
| 4:24 | Create | Villager (Male) |
| 5:03 | Build | Palisade Wall |
| 6:20 | Create | Villager (Male) |
| 6:20 | Create | Villager (Male) |
| 6:20 | Create | Villager (Male) |
| 7:23 | Create | Villager (Male) |
| 7:56 | Create | Villager (Male) |
| 7:56 | Create | Villager (Male) |
| 8:42 | Create | Villager (Male) |
| 8:42 | Create | Villager (Male) |
| 8:46 | Create | Villager (Male) |
| 8:46 | Create | Villager (Male) |
| 8:47 | Create | Villager (Male) |
| 9:27 | Create | Villager (Male) |
| 9:39 | Build | Mill |
| 9:52 | Build | House |
| 10:12 | Create | Villager (Male) |
| 10:37 | Build | Palisade Wall |
| 10:44 | Create | Villager (Male) |
| 10:57 | Build | Palisade Wall |
| 11:04 | Create | Villager (Male) |
| 11:52 | Build | Lumber Camp |
| 12:24 | Build | Mining Camp |
| 12:36 | Build | Palisade Wall |
| 12:50 | Research | Feudal Age |
| 13:08 | Build | House |
| 13:09 | Build | House |
| 14:22 | Build | Barracks |
| 14:37 | Create | Villager (Male) |
| 14:38 | Create | Villager (Male) |
| 14:38 | Create | Villager (Male) |
| 15:00 | Age | Feudal Age |
| 15:02 | Research | Horse Collar |
| 15:05 | Research | Double-Bit Axe |
| 15:19 | Build | Stone Wall |
| 15:41 | Build | Mining Camp |
| 15:43 | Create | Villager (Male) |
| 16:02 | Build | House |
| 16:04 | Build | House |
| 16:12 | Create | Villager (Male) |
| 16:12 | Create | Villager (Male) |
| 16:41 | Build | Farm |
| 16:43 | Build | Farm |
| 16:45 | Build | Farm |
| 16:48 | Build | Farm |
| 17:20 | Build | Farm |
| 17:22 | Build | Farm |
| 17:42 | Build | Farm |
| 17:49 | Create | Villager (Male) |
| 17:50 | Create | Villager (Male) |
| 17:50 | Create | Villager (Male) |
| 18:09 | Create | Villager (Male) |
| 18:25 | Build | Mining Camp |
| 18:54 | Build | Farm |
| 18:55 | Build | Farm |
| 19:01 | Build | Farm |
| 19:02 | Build | Farm |
| 19:20 | Build | Stone Wall |
| 19:30 | Build | Gate |
| 20:01 | Build | Market |
| 20:11 | Create | Villager (Male) |
| 20:13 | Create | Villager (Male) |
| 20:47 | Build | Stone Wall |
| 20:56 | Build | Farm |
| 21:12 | Build | Blacksmith |
| 21:54 | Research | Castle Age |
| 22:07 | Build | House |
| 22:10 | Build | House |
| 22:22 | Research | Padded Archer Armor |
| 22:27 | Research | Scale Mail Armor |
| 22:30 | Research | Padded Archer Armor |
| 23:01 | Research | Gold Mining |
| 23:03 | Research | Stone Mining |
| 23:44 | Research | Man-at-Arms (upgrade) |
| 23:59 | Research | Forging |
| 24:13 | Create | Villager (Male) |
| 24:14 | Create | Villager (Male) |
| 24:34 | Age | Castle Age |
| 24:53 | Build | Town Center |
| 24:58 | Create | Villager (Male) |
| 24:58 | Create | Villager (Male) |
| 25:53 | Build | Town Center |
| 25:59 | Research | Heavy Plow |
| 26:03 | Create | Villager (Male) |
| 26:03 | Create | Villager (Male) |
| 26:04 | Create | Villager (Male) |
| 26:39 | Create | Villager (Male) |
| 26:39 | Create | Villager (Male) |
| 26:40 | Create | Villager (Male) |
| 26:52 | Build | Farm |
| 27:20 | Build | Farm |
| 27:34 | Build | University |
| 27:56 | Build | Farm |
| 28:02 | Research | Town Watch |
| 28:03 | Create | Villager (Male) |
| 28:03 | Create | Villager (Male) |
| 28:09 | Research | Wheelbarrow |
| 28:14 | Create | Villager (Male) |
| 28:14 | Create | Villager (Male) |
| 28:25 | Create | Villager (Male) |
| 28:43 | Build | Barracks |
| 28:47 | Build | Barracks |
| 28:59 | Research | Town Watch |
| 28:59 | Create | Villager (Male) |
| 29:00 | Create | Villager (Male) |
| 29:00 | Create | Villager (Male) |
| 29:09 | Create | Villager (Male) |
| 29:19 | Create | Villager (Male) |
| 29:34 | Build | House |
| 29:36 | Build | House |
| 29:42 | Build | Monastery |
| 29:51 | Build | Farm |
| 29:58 | Build | Farm |
| 30:17 | Build | Farm |
| 30:41 | Build | Castle |
| 31:02 | Build | Farm |
| 31:08 | Build | Farm |
| 31:14 | Create | Villager (Male) |
| 31:14 | Create | Villager (Male) |
| 31:14 | Create | Villager (Male) |
| 31:14 | Create | Villager (Male) |
| 31:23 | Create | Villager (Male) |
| 31:23 | Create | Villager (Male) |
| 31:55 | Build | Barracks |
| 32:20 | Create | Villager (Male) |
| 32:20 | Create | Villager (Male) |
| 32:29 | Research | Leather Archer Armor |
| 32:33 | Research | Iron Casting |
| 32:54 | Build | Farm |
| 32:55 | Build | Farm |
| 33:19 | Build | Castle |
| 33:34 | Build | Farm |
| 33:42 | Research | Imperial Age |
| 34:01 | Build | Siege Workshop |
Build order — Øgusson
First 150 of 388 actions detected
| 0:02 | Research | Loom |
| 0:02 | Create | Villager (Male) |
| 0:03 | Create | Villager (Male) |
| 0:03 | Create | Villager (Male) |
| 0:03 | Create | Villager (Male) |
| 0:03 | Create | Villager (Male) |
| 0:17 | Build | House |
| 0:17 | Build | House |
| 1:49 | Build | Palisade Wall |
| 2:18 | Build | Palisade Wall |
| 2:20 | Create | Villager (Male) |
| 2:26 | Build | House |
| 2:28 | Build | House |
| 2:29 | Build | House |
| 2:53 | Create | Villager (Male) |
| 3:06 | Create | Villager (Male) |
| 3:48 | Create | Villager (Male) |
| 3:49 | Create | Villager (Male) |
| 4:14 | Build | House |
| 4:24 | Create | Villager (Male) |
| 4:39 | Create | Villager (Male) |
| 4:46 | Build | House |
| 5:06 | Create | Villager (Male) |
| 5:34 | Create | Villager (Male) |
| 5:34 | Create | Villager (Male) |
| 6:12 | Build | Lumber Camp |
| 6:41 | Create | Villager (Male) |
| 6:41 | Create | Villager (Male) |
| 6:41 | Create | Villager (Male) |
| 6:41 | Create | Villager (Male) |
| 7:01 | Create | Villager (Male) |
| 7:50 | Build | Dock |
| 8:38 | Build | Mill |
| 8:51 | Create | Villager (Male) |
| 8:52 | Create | Villager (Male) |
| 9:11 | Build | Mining Camp |
| 9:40 | Build | Barracks |
| 10:05 | Create | Fishing Ship |
| 10:36 | Research | Feudal Age |
| 10:46 | Build | Mining Camp |
| 10:51 | Create | Fishing Ship |
| 11:23 | Create | Fishing Ship |
| 11:42 | Create | Fishing Ship |
| 12:31 | Create | Fishing Ship |
| 12:41 | Create | Villager (Male) |
| 12:42 | Create | Villager (Male) |
| 12:46 | Age | Feudal Age |
| 12:58 | Create | Villager (Male) |
| 13:03 | Create | Fishing Ship |
| 13:21 | Build | Stone Wall |
| 13:33 | Build | Stone Wall |
| 13:37 | Build | Gate |
| 13:39 | Create | Villager (Male) |
| 13:53 | Create | Villager (Male) |
| 13:53 | Create | Villager (Male) |
| 13:57 | Create | Villager (Male) |
| 14:38 | Build | Archery Range |
| 14:43 | Build | Blacksmith |
| 15:25 | Build | House |
| 16:31 | Build | Fish Trap |
| 16:54 | Build | Farm |
| 16:54 | Build | Farm |
| 16:55 | Build | Farm |
| 16:56 | Build | Farm |
| 16:57 | Build | Farm |
| 17:03 | Build | House |
| 17:04 | Build | House |
| 17:05 | Build | House |
| 17:07 | Build | House |
| 17:22 | Research | Castle Age |
| 17:34 | Research | Horse Collar |
| 17:39 | Research | Double-Bit Axe |
| 18:00 | Build | Fish Trap |
| 18:06 | Build | Fish Trap |
| 18:15 | Build | Fish Trap |
| 18:21 | Build | Fish Trap |
| 18:27 | Build | Fish Trap |
| 18:38 | Research | Stone Mining |
| 18:50 | Build | House |
| 18:52 | Build | House |
| 18:53 | Build | House |
| 18:58 | Research | Gold Mining |
| 19:01 | Create | Villager (Male) |
| 19:01 | Create | Villager (Male) |
| 19:15 | Create | Villager (Male) |
| 19:28 | Build | Farm |
| 19:28 | Build | Farm |
| 19:29 | Build | Farm |
| 19:30 | Build | Farm |
| 19:33 | Create | Villager (Male) |
| 19:46 | Create | Villager (Male) |
| 20:02 | Age | Castle Age |
| 20:04 | Create | Villager (Male) |
| 20:33 | Build | Town Center |
| 20:49 | Build | House |
| 21:00 | Build | Town Center |
| 21:14 | Build | Lumber Camp |
| 21:28 | Build | House |
| 21:38 | Build | Town Center |
| 21:42 | Research | Bow Saw |
| 22:05 | Research | Heavy Plow |
| 22:22 | Research | Gold Shaft Mining |
| 23:21 | Research | Pikeman (upgrade) |
| 23:22 | Research | Squires |
| 23:28 | Research | Wheelbarrow |
| 24:09 | Create | Villager (Male) |
| 24:09 | Create | Villager (Male) |
| 24:10 | Create | Villager (Male) |
| 24:40 | Build | Farm |
| 24:45 | Create | Villager (Male) |
| 24:45 | Create | Villager (Male) |
| 24:46 | Create | Villager (Male) |
| 24:46 | Create | Villager (Male) |
| 24:46 | Create | Villager (Male) |
| 24:47 | Create | Villager (Male) |
| 24:47 | Create | Villager (Male) |
| 24:48 | Create | Villager (Male) |
| 24:52 | Create | Villager (Male) |
| 25:04 | Build | Castle |
| 25:15 | Build | Farm |
| 25:18 | Build | Farm |
| 25:30 | Build | University |
| 25:35 | Build | Barracks |
| 25:36 | Build | Barracks |
| 25:42 | Build | Farm |
| 25:45 | Build | Farm |
| 25:48 | Create | Villager (Male) |
| 25:49 | Create | Villager (Male) |
| 25:49 | Create | Villager (Male) |
| 25:49 | Create | Villager (Male) |
| 25:49 | Create | Villager (Male) |
| 25:50 | Create | Villager (Male) |
| 25:55 | Create | Villager (Male) |
| 26:00 | Create | Villager (Male) |
| 26:20 | Build | Farm |
| 26:23 | Build | Farm |
| 26:28 | Create | Villager (Male) |
| 26:28 | Create | Villager (Male) |
| 26:28 | Create | Villager (Male) |
| 26:29 | Create | Villager (Male) |
| 26:36 | Create | Villager (Male) |
| 26:44 | Build | Farm |
| 26:48 | Build | Farm |
| 26:53 | Create | Villager (Male) |
| 26:53 | Create | Villager (Male) |
| 26:53 | Create | Villager (Male) |
| 26:54 | Create | Villager (Male) |
| 27:01 | Research | Elite Skirmisher (upgrade) |
| 27:09 | Build | Farm |
| 27:13 | Build | Farm |
Build order — mison
First 150 of 240 actions detected
| 0:03 | Research | Loom |
| 0:04 | Create | Villager (Male) ×4 |
| 0:15 | Build | House |
| 0:16 | Build | House |
| 0:18 | Build | House |
| 0:19 | Build | House |
| 1:49 | Create | Villager (Male) |
| 2:21 | Create | Villager (Male) |
| 2:21 | Create | Villager (Male) |
| 2:53 | Create | Villager (Male) |
| 2:53 | Create | Villager (Male) |
| 3:21 | Create | Villager (Male) |
| 3:21 | Create | Villager (Male) |
| 4:14 | Create | Villager (Male) |
| 4:14 | Create | Villager (Male) |
| 4:15 | Create | Villager (Male) |
| 4:15 | Create | Villager (Male) |
| 4:15 | Create | Villager (Male) |
| 5:20 | Create | Villager (Male) |
| 5:21 | Create | Villager (Male) |
| 5:21 | Create | Villager (Male) |
| 7:06 | Build | Mill |
| 7:09 | Create | Villager (Male) ×4 |
| 7:10 | Create | Villager (Male) |
| 7:57 | Build | Lumber Camp |
| 9:21 | Create | Villager (Male) |
| 10:03 | Research | Feudal Age |
| 10:42 | Build | House |
| 10:42 | Build | House |
| 10:43 | Build | House |
| 11:52 | Build | House |
| 11:52 | Build | House |
| 11:53 | Build | House |
| 11:53 | Build | House |
| 11:54 | Build | House |
| 11:55 | Build | House |
| 11:55 | Build | House |
| 11:56 | Build | House |
| 11:56 | Build | House |
| 12:13 | Age | Feudal Age |
| 13:03 | Research | Wheelbarrow |
| 13:03 | Research | Wheelbarrow |
| 13:12 | Create | Villager (Male) |
| 13:24 | Create | Villager (Male) |
| 13:25 | Create | Villager (Male) |
| 13:26 | Create | Villager (Male) |
| 13:29 | Create | Villager (Male) |
| 13:49 | Research | Double-Bit Axe |
| 13:52 | Research | Horse Collar |
| 14:17 | Create | Villager (Male) |
| 14:38 | Build | Blacksmith |
| 14:49 | Build | Market |
| 15:08 | Build | Mining Camp |
| 15:23 | Create | Villager (Male) ×4 |
| 16:05 | Build | Farm |
| 16:09 | Build | Farm |
| 16:28 | Build | Farm |
| 16:32 | Build | Farm |
| 16:34 | Build | Farm |
| 16:36 | Build | Farm |
| 16:37 | Build | Farm |
| 16:38 | Build | Farm |
| 16:41 | Build | Farm |
| 16:43 | Build | Farm |
| 16:44 | Build | Farm |
| 17:18 | Build | Farm |
| 17:27 | Build | Farm |
| 17:40 | Build | Farm |
| 17:44 | Build | Farm |
| 17:53 | Build | Farm |
| 18:05 | Build | Farm |
| 18:08 | Create | Villager (Male) ×5 |
| 18:38 | Build | Lumber Camp |
| 18:45 | Build | Farm |
| 19:04 | Build | Farm |
| 19:09 | Build | Farm |
| 19:33 | Build | Farm |
| 19:48 | Research | Castle Age |
| 20:02 | Research | Gold Mining |
| 20:08 | Research | Stone Mining |
| 20:56 | Research | Forging |
| 20:59 | Research | Scale Barding Armor |
| 21:42 | Create | Trade Cart ×2 |
| 22:28 | Age | Castle Age |
| 22:30 | Create | Villager (Male) ×5 |
| 22:35 | Research | Hand Cart |
| 22:35 | Create | Villager (Male) ×5 |
| 22:36 | Create | Villager (Male) ×5 |
| 22:44 | Build | Town Center |
| 22:49 | Build | Town Center |
| 23:21 | Research | Heavy Plow |
| 23:24 | Research | Bow Saw |
| 23:49 | Create | Villager (Male) ×5 |
| 24:01 | Create | Villager (Male) |
| 24:10 | Create | Villager (Male) ×4 |
| 24:41 | Create | Villager (Male) ×4 |
| 24:45 | Create | Villager (Male) |
| 24:46 | Create | Villager (Male) |
| 24:52 | Create | Villager (Male) |
| 25:13 | Build | Farm |
| 25:16 | Create | Villager (Male) |
| 25:17 | Create | Villager (Male) |
| 25:39 | Build | Farm |
| 26:00 | Build | Farm |
| 26:14 | Research | Caravan |
| 26:23 | Create | Trade Cart |
| 26:23 | Create | Trade Cart |
| 26:26 | Build | Farm |
| 26:30 | Create | Villager (Male) ×5 |
| 26:31 | Create | Villager (Male) ×5 |
| 26:33 | Create | Villager (Male) ×2 |
| 26:46 | Research | Gold Shaft Mining |
| 26:52 | Build | Farm |
| 27:12 | Research | Stone Shaft Mining |
| 27:16 | Build | Farm |
| 27:35 | Build | House |
| 27:35 | Build | House |
| 27:36 | Build | House |
| 27:36 | Build | House |
| 27:37 | Build | House |
| 27:38 | Build | House |
| 27:38 | Build | House |
| 27:40 | Build | House |
| 27:41 | Build | House |
| 27:46 | Build | Farm |
| 28:05 | Build | Farm |
| 28:33 | Create | Villager (Male) ×5 |
| 28:35 | Create | Villager (Male) ×5 |
| 28:36 | Create | Villager (Male) ×5 |
| 28:48 | Build | Farm |
| 29:15 | Build | Farm |
| 29:33 | Build | University |
| 29:38 | Build | Barracks |
| 29:47 | Build | Farm |
| 30:04 | Build | Farm |
| 30:11 | Create | Trade Cart ×4 |
| 30:35 | Build | Castle |
| 30:41 | Build | Farm |
| 30:53 | Build | Farm |
| 30:58 | Create | Trade Cart ×3 |
| 31:15 | Create | Villager (Male) ×5 |
| 31:18 | Create | Villager (Male) ×5 |
| 31:19 | Create | Villager (Male) ×5 |
| 31:35 | Build | Farm |
| 31:44 | Build | Farm |
| 31:54 | Build | House |
| 31:55 | Build | House |
| 31:55 | Build | House |
| 31:55 | Build | House |
| 31:55 | Build | House |
Build order — ivanklaricnejla
First 150 of 389 actions detected
| 0:31 | Build | House |
| 0:32 | Build | House |
| 0:34 | Build | House |
| 0:41 | Build | Lumber Camp |
| 0:44 | Research | Loom |
| 0:45 | Create | Villager (Male) |
| 0:45 | Create | Villager (Male) |
| 0:46 | Create | Villager (Male) |
| 0:46 | Create | Villager (Male) |
| 0:46 | Create | Villager (Male) |
| 1:56 | Build | Palisade Wall |
| 3:23 | Create | Villager (Male) |
| 3:23 | Create | Villager (Male) |
| 4:21 | Create | Villager (Male) |
| 4:21 | Create | Villager (Male) |
| 4:21 | Create | Villager (Male) |
| 4:40 | Create | Villager (Male) |
| 4:40 | Create | Villager (Male) |
| 5:02 | Build | Mill |
| 5:12 | Create | Villager (Male) |
| 5:13 | Create | Villager (Male) |
| 5:42 | Create | Villager (Male) |
| 5:42 | Create | Villager (Male) |
| 6:16 | Create | Villager (Male) |
| 6:16 | Create | Villager (Male) |
| 7:15 | Create | Villager (Male) |
| 7:16 | Create | Villager (Male) |
| 7:17 | Create | Villager (Male) |
| 7:17 | Create | Villager (Male) |
| 8:15 | Create | Villager (Male) |
| 8:16 | Create | Villager (Male) |
| 8:16 | Create | Villager (Male) |
| 8:16 | Create | Villager (Male) |
| 9:11 | Create | Villager (Male) |
| 9:11 | Create | Villager (Male) |
| 9:12 | Create | Villager (Male) |
| 9:12 | Create | Villager (Male) |
| 9:57 | Build | House |
| 9:58 | Build | House |
| 10:19 | Research | Feudal Age |
| 10:47 | Build | Mill |
| 11:19 | Build | Mill |
| 11:30 | Build | Mining Camp |
| 12:33 | Age | Feudal Age |
| 12:37 | Create | Villager (Male) |
| 12:37 | Create | Villager (Male) |
| 12:38 | Create | Villager (Male) |
| 12:38 | Create | Villager (Male) |
| 12:45 | Research | Double-Bit Axe |
| 13:39 | Build | Blacksmith |
| 14:07 | Create | Villager (Male) |
| 14:07 | Create | Villager (Male) |
| 14:08 | Create | Villager (Male) |
| 14:35 | Build | Market |
| 15:10 | Build | Lumber Camp |
| 15:38 | Research | Castle Age |
| 15:47 | Build | Farm |
| 16:00 | Build | Farm |
| 16:19 | Build | Farm |
| 16:31 | Build | Farm |
| 16:54 | Build | House |
| 16:55 | Build | House |
| 17:15 | Build | Farm |
| 17:22 | Build | Farm |
| 17:31 | Build | Farm |
| 17:39 | Build | Farm |
| 17:57 | Build | Farm |
| 18:07 | Build | Farm |
| 18:18 | Age | Castle Age |
| 18:20 | Create | Villager (Male) |
| 18:20 | Create | Villager (Male) |
| 18:20 | Create | Villager (Male) |
| 18:21 | Create | Villager (Male) |
| 18:28 | Research | Bow Saw |
| 18:53 | Build | Barracks |
| 19:26 | Create | Villager (Male) |
| 19:26 | Create | Villager (Male) |
| 19:52 | Build | Town Center |
| 20:16 | Build | Farm |
| 20:20 | Research | Man-at-Arms (upgrade) |
| 20:37 | Create | Villager (Male) |
| 20:37 | Create | Villager (Male) |
| 20:38 | Create | Villager (Male) |
| 20:38 | Create | Villager (Male) |
| 20:50 | Create | Villager (Male) |
| 20:51 | Create | Villager (Male) |
| 20:51 | Create | Villager (Male) |
| 20:51 | Create | Villager (Male) |
| 20:52 | Create | Villager (Male) |
| 20:52 | Create | Villager (Male) |
| 20:52 | Create | Villager (Male) |
| 20:53 | Create | Villager (Male) |
| 21:08 | Build | Monastery |
| 22:00 | Create | Monk |
| 22:09 | Build | University |
| 22:13 | Create | Villager (Male) |
| 22:13 | Create | Villager (Male) |
| 22:13 | Create | Villager (Male) |
| 22:32 | Create | Villager (Male) |
| 22:33 | Create | Villager (Male) |
| 22:33 | Create | Villager (Male) |
| 22:33 | Create | Villager (Male) |
| 22:42 | Build | Farm |
| 22:43 | Build | Farm |
| 22:46 | Build | Farm |
| 22:48 | Build | Farm |
| 22:50 | Build | Farm |
| 22:53 | Build | Farm |
| 23:08 | Build | House |
| 23:30 | Build | House |
| 23:31 | Build | House |
| 23:33 | Build | House |
| 23:45 | Build | House |
| 23:47 | Build | House |
| 23:48 | Build | House |
| 23:56 | Create | Villager (Male) |
| 23:56 | Create | Villager (Male) |
| 23:58 | Research | Padded Archer Armor |
| 23:59 | Research | Fletching |
| 24:06 | Research | Ballistics |
| 24:38 | Create | Villager (Male) |
| 24:38 | Create | Villager (Male) |
| 24:39 | Create | Villager (Male) |
| 24:52 | Research | Stone Mining |
| 24:58 | Research | Gold Mining |
| 24:59 | Research | Gold Mining |
| 25:10 | Build | House |
| 25:11 | Build | House |
| 25:12 | Build | House |
| 25:13 | Build | House |
| 25:22 | Create | Villager (Male) |
| 25:23 | Create | Villager (Male) |
| 25:29 | Build | Farm |
| 25:30 | Build | Farm |
| 25:35 | Build | Farm |
| 25:36 | Build | Farm |
| 25:38 | Build | Farm |
| 25:40 | Build | Farm |
| 25:41 | Build | Farm |
| 25:43 | Build | Farm |
| 25:44 | Build | Farm |
| 25:46 | Build | Farm |
| 26:07 | Build | Stone Wall |
| 26:24 | Build | Gate |
| 26:32 | Create | Villager (Male) |
| 26:32 | Create | Villager (Male) |
| 26:32 | Create | Villager (Male) |
| 26:33 | Create | Villager (Male) |
| 26:39 | Build | Farm |
| 26:40 | Build | Farm |
Build order — nonodaubresse45
First 150 of 359 actions detected
| 0:12 | Build | House |
| 0:16 | Build | House |
| 0:19 | Build | House |
| 0:22 | Build | House |
| 0:24 | Research | Loom |
| 0:25 | Create | Villager (Male) |
| 0:25 | Create | Villager (Male) |
| 0:25 | Create | Villager (Male) |
| 0:25 | Create | Villager (Male) |
| 0:26 | Create | Villager (Male) |
| 0:42 | Build | Palisade Wall |
| 2:55 | Create | Villager (Male) |
| 2:55 | Create | Villager (Male) |
| 3:42 | Create | Villager (Male) |
| 3:42 | Create | Villager (Male) |
| 4:05 | Create | Villager (Male) |
| 4:05 | Create | Villager (Male) |
| 4:22 | Create | Villager (Male) |
| 4:22 | Create | Villager (Male) |
| 4:35 | Create | Villager (Male) |
| 4:35 | Create | Villager (Male) |
| 4:35 | Create | Villager (Male) |
| 4:53 | Create | Villager (Male) |
| 4:53 | Create | Villager (Male) |
| 6:32 | Create | Villager (Male) |
| 6:32 | Create | Villager (Male) |
| 6:37 | Create | Villager (Male) |
| 6:37 | Create | Villager (Male) |
| 7:09 | Build | Mill |
| 7:14 | Create | Villager (Male) |
| 7:14 | Create | Villager (Male) |
| 7:32 | Build | Lumber Camp |
| 9:53 | Create | Villager (Male) |
| 9:54 | Create | Villager (Male) |
| 9:54 | Create | Villager (Male) |
| 9:54 | Create | Villager (Male) |
| 9:55 | Create | Villager (Male) |
| 9:55 | Create | Villager (Male) |
| 9:55 | Create | Villager (Male) |
| 10:26 | Build | House |
| 10:29 | Build | House |
| 10:32 | Build | House |
| 10:34 | Build | House |
| 11:37 | Create | Villager (Male) |
| 11:37 | Create | Villager (Male) |
| 11:51 | Build | Mill |
| 12:32 | Create | Villager (Male) |
| 12:33 | Create | Villager (Male) |
| 12:33 | Create | Villager (Male) |
| 12:59 | Build | House |
| 13:05 | Build | House |
| 13:09 | Build | House |
| 14:07 | Create | Villager (Male) |
| 14:16 | Build | House |
| 14:23 | Build | Mining Camp |
| 14:50 | Build | Mining Camp |
| 14:56 | Create | Villager (Male) |
| 14:57 | Create | Villager (Male) |
| 15:34 | Research | Feudal Age |
| 15:59 | Build | Farm |
| 16:02 | Build | Farm |
| 16:05 | Build | Farm |
| 16:17 | Create | Villager (Male) |
| 17:10 | Create | Villager (Male) |
| 17:10 | Create | Villager (Male) |
| 17:11 | Create | Villager (Male) |
| 17:33 | Build | Farm |
| 17:38 | Build | Farm |
| 17:42 | Build | Farm |
| 17:52 | Build | Farm |
| 17:56 | Build | Farm |
| 17:56 | Age | Feudal Age |
| 18:06 | Build | Farm |
| 18:41 | Build | Farm |
| 18:45 | Build | Farm |
| 19:14 | Create | Villager (Male) |
| 19:14 | Create | Villager (Male) |
| 19:22 | Research | Double-Bit Axe |
| 19:32 | Research | Horse Collar |
| 20:19 | Create | Villager (Male) |
| 20:32 | Build | Farm |
| 20:57 | Build | Farm |
| 21:04 | Research | Castle Age |
| 21:18 | Build | Stone Wall |
| 21:47 | Create | Villager (Male) |
| 21:49 | Create | Villager (Male) |
| 21:49 | Create | Villager (Male) |
| 23:44 | Age | Castle Age |
| 24:06 | Build | Town Center |
| 24:15 | Build | Market |
| 25:21 | Build | Market |
| 25:30 | Build | Mill |
| 25:40 | Build | Farm |
| 25:49 | Build | Mill |
| 25:53 | Build | Farm |
| 25:56 | Build | Farm |
| 26:00 | Build | Farm |
| 26:05 | Create | Villager (Male) |
| 26:06 | Create | Villager (Male) |
| 26:06 | Create | Villager (Male) |
| 26:06 | Create | Villager (Male) |
| 26:07 | Create | Villager (Male) |
| 26:15 | Build | Stable |
| 26:22 | Create | Villager (Male) |
| 26:22 | Create | Villager (Male) |
| 26:22 | Create | Villager (Male) |
| 26:22 | Create | Villager (Male) |
| 26:22 | Create | Villager (Male) |
| 26:23 | Create | Villager (Male) |
| 26:31 | Build | Lumber Camp |
| 26:46 | Build | Farm |
| 26:48 | Build | Farm |
| 27:05 | Build | Monastery |
| 27:17 | Build | House |
| 27:20 | Build | House |
| 27:23 | Build | House |
| 27:25 | Build | House |
| 27:28 | Build | House |
| 27:31 | Build | House |
| 27:39 | Build | Farm |
| 27:43 | Build | Farm |
| 27:45 | Create | Villager (Male) |
| 27:46 | Create | Villager (Male) |
| 27:52 | Build | Stable |
| 27:57 | Research | Husbandry |
| 28:03 | Create | Monk |
| 28:11 | Research | Bow Saw |
| 28:14 | Research | Heavy Plow |
| 28:25 | Create | Villager (Male) |
| 28:25 | Create | Villager (Male) |
| 28:25 | Create | Villager (Male) |
| 28:34 | Build | Farm |
| 28:39 | Build | Farm |
| 28:51 | Create | Villager (Male) |
| 28:51 | Create | Villager (Male) |
| 28:51 | Create | Villager (Male) |
| 28:52 | Create | Villager (Male) |
| 29:04 | Build | Farm |
| 29:17 | Build | Stone Wall |
| 29:59 | Build | Town Center |
| 30:08 | Create | Villager (Male) |
| 30:08 | Create | Villager (Male) |
| 30:08 | Create | Villager (Male) |
| 30:17 | Build | Farm |
| 30:23 | Build | Farm |
| 30:28 | Build | Farm |
| 30:31 | Create | Villager (Male) |
| 30:52 | Build | Mill |
| 30:54 | Create | Villager (Male) |
| 31:08 | Build | House |
Match timeline
| 0:42 | nonodaubresse45 · wall_segment Palisade Wall x14 |
| 1:02 | stephen_drake · wall_segment Palisade Wall x18 |
| 1:18 | ninooo95mc · wall_segment Palisade Wall x7 |
| 1:37 | ninooo95mc · wall_segment Palisade Wall x3 |
| 1:49 | Øgusson · wall_segment Palisade Wall x7 |
| 1:56 | ivanklaricnejla · wall_segment Palisade Wall x8 |
| 2:18 | Øgusson · wall_segment Palisade Wall x7 |
| 3:24 | ninooo95mc · wall_segment Palisade Wall x11 |
| 5:03 | ninooo95mc · wall_segment Palisade Wall x1 |
| 7:50 | Øgusson · first_building Dock |
| 9:40 | Øgusson · first_building Barracks |
| 10:37 | ninooo95mc · wall_segment Palisade Wall x1 |
| 10:57 | ninooo95mc · wall_segment Palisade Wall x1 |
| 11:53 | stephen_drake · age_up feudal |
| 12:00 | stephen_drake · wall_segment Stone Wall x15 |
| 12:13 | mison · age_up feudal |
| 12:33 | ivanklaricnejla · age_up feudal |
| 12:36 | ninooo95mc · wall_segment Palisade Wall x1 |
| 12:46 | Øgusson · age_up feudal |
| 13:21 | Øgusson · wall_segment Stone Wall x7 |
| 13:33 | Øgusson · wall_segment Stone Wall x8 |
| 14:22 | ninooo95mc · first_building Barracks |
| 14:38 | Øgusson · first_building Archery Range |
| 15:00 | ninooo95mc · age_up feudal |
| 15:19 | ninooo95mc · wall_segment Stone Wall x16 |
| 17:01 | stephen_drake · first_building Dock |
| 17:56 | nonodaubresse45 · age_up feudal |
| 18:18 | ivanklaricnejla · age_up castle |
| 18:33 | ivanklaricnejla · first_market_buy 100 wood |
| 18:53 | ivanklaricnejla · first_building Barracks |
| 19:20 | ninooo95mc · wall_segment Stone Wall x11 |
| 20:02 | Øgusson · age_up castle |
| 20:26 | stephen_drake · age_up castle |
| 20:44 | stephen_drake · first_building Monastery |
| 20:47 | ninooo95mc · wall_segment Stone Wall x8 |
| 21:08 | ivanklaricnejla · first_building Monastery |
| 21:18 | nonodaubresse45 · wall_segment Stone Wall x12 |
| 21:35 | ninooo95mc · first_market_buy 100 food |
| 22:28 | mison · age_up castle |
| 23:44 | nonodaubresse45 · age_up castle |
| 23:54 | ninooo95mc · first_market_sell 100 wood |
| 24:34 | ninooo95mc · age_up castle |
| 25:04 | Øgusson · first_building Castle |
| 25:41 | stephen_drake · first_building Barracks |
| 26:07 | ivanklaricnejla · wall_segment Stone Wall x5 |
| 26:15 | nonodaubresse45 · first_building Stable |
| 27:05 | nonodaubresse45 · first_building Monastery |
| 27:12 | stephen_drake · first_building Archery Range |
| 27:45 | stephen_drake · first_market_buy 100 wood |
| 28:10 | ivanklaricnejla · first_building Castle |
| 29:17 | nonodaubresse45 · wall_segment Stone Wall x11 |
| 29:38 | mison · first_building Barracks |
| 29:42 | ninooo95mc · first_building Monastery |
| 30:35 | mison · first_building Castle |
| 30:41 | ninooo95mc · first_building Castle |
| 32:34 | stephen_drake · first_building Castle |
| 33:11 | mison · first_building Stable |
| 34:01 | ninooo95mc · first_building Siege Workshop |
| 34:02 | mison · first_building Siege Workshop |
| 34:24 | Øgusson · age_up imperial |
| 34:54 | nonodaubresse45 · first_building Siege Workshop |
| 35:12 | stephen_drake · age_up imperial |
| 35:36 | ivanklaricnejla · age_up imperial |
| 35:38 | nonodaubresse45 · age_up imperial |
| 36:03 | mison · age_up imperial |
| 36:16 | nonodaubresse45 · first_building Castle |
| 36:52 | ninooo95mc · age_up imperial |
| 38:26 | nonodaubresse45 · wall_segment Stone Wall x14 |
| 38:38 | stephen_drake · first_building Siege Workshop |
| 39:35 | ivanklaricnejla · first_building Archery Range |
| 42:26 | ivanklaricnejla · first_building Siege Workshop |
| 42:33 | mison · resign |
| 44:21 | ninooo95mc · first_building Archery Range |
[ AI ANALYSIS · 1 CREDIT ]
What really happened in this match?
Wolo.gg analyzes every decision: build order, eco, micro, common mistakes by bracket. Personalized analysis on WhatsApp or Discord in 30 seconds.
Civ guide
Persians
Perfil
Jugador #5325772